 Dungeon Crawl Stone Soup version 0.30-a0-964-gd452b5e7fa (webtiles) character file.

Game seed: 16994083706754886492

51 HoaS the Shooter (level 4, 0/33 HPs)
             Began as a Formicid Hunter on Mar 30, 2023.
             Slain by a worm (2 damage)
             ... on level 3 of the Dungeon.
             The game lasted 00:02:20 (1648 turns).

HoaS the Shooter (Formicid Hunter)                  Turns: 1648, Time: 00:02:20

Health: 0/33       AC:  6    Str: 19    XL:     4   Next: 7%
Magic:  4/4        EV: 11    Int:  8    God:
Gold:   110        SH:  4    Dex: 19    Spells: 3/3 levels left

rFire   . . .      SeeInvis +    a - +0 shortbow
rCold   . . .      Faith    .    h - +0 buckler
rNeg    . . .      Spirit   .    c - +0 leather armour
rPois   .          Reflect  .    (helmet unavailable)
rElec   .          Rampage  .    (no cloak)
rCorr   .                        e - +2 pair of gloves {Str+3}
Will    .....                    (no boots)
Stlth   ++                       (no amulet)
HPRegen 0.25/turn                (no ring)
MPRegen 0.09/turn                (no ring)

@: no status effects
A: permanent stasis, dig shafts and tunnels, antennae 3, four strong arms
a: Dig, Shaft Self


You were on level 3 of the Dungeon.
You visited 1 branch of the dungeon, and saw 3 of its levels.

You collected 110 gold pieces.

Inventory:

Hand Weapons
 a - a +0 shortbow (weapon)
Armour
 c - a +0 leather armour (worn)
 e - a +2 pair of gloves of strength (worn)
 h - a +0 buckler (worn)
Scrolls
 b - a scroll of immolation
 d - 4 scrolls of amnesia {unknown}
 f - 2 scrolls of identify {unknown}
 k - a scroll of enchant weapon {unknown}
Potions
 g - a potion of haste {unknown}
 i - a potion of mutation {unknown}
 j - a potion of flight {unknown}
 l - a potion of lignification {unknown}


   Skills:
 - Level 2.1 Fighting
 * Level 5.3 Ranged Weapons
 - Level 1.7 Dodging
 - Level 1.2 Stealth
 + Level 0.3 Shields


You had 3 spell levels left.
You didn't know any spells.
Your spell library was empty.

Dungeon Overview and Level Annotations

Branches:
Dungeon (3/15)

Altars:


Innate Abilities, Weirdness & Mutations

You cannot be hasted, slowed, berserked, paralysed or teleported.
You can dig through walls and to a lower floor.
You have a pair of large antennae on your head. (SInv)
Your four strong arms can wield two-handed weapons with a shield.


Message History

There are monsters nearby!
You shoot an arrow. The arrow hits the kobold.
The kobold shouts!
The kobold is moderately wounded.
You shoot an arrow. The arrow closely misses the kobold.
The kobold closely misses you.
You shoot an arrow.
The arrow hits the kobold but does no damage.
The kobold is moderately wounded.
The kobold hits you with a +0 short sword.
The worm bites you! The kobold hits you but does no damage.
You shoot an arrow.
The arrow hits the kobold but does no damage.
The kobold is moderately wounded.
The kobold closely misses you. The worm bites you.
You shoot an arrow. The arrow completely misses the kobold.
The kobold hits you but does no damage. The worm bites you!
You block the kobold's attack. The kobold attacks as you move away!
You block the kobold's attack.
You shoot an arrow. The arrow hits the kobold.
You kill the kobold!
You see here a +0 short sword.
You shoot an arrow. The arrow hits the worm!
The worm is heavily wounded.
The worm bites you but does no damage.
You shoot an arrow. The arrow barely misses the worm.
The worm bites you.
* * * LOW HITPOINT WARNING * * *
You shoot an arrow. The arrow hits the worm.
The worm is moderately wounded.
The worm closely misses you.
You shoot an arrow. The arrow hits the worm.
The worm is heavily wounded.
You shoot an arrow. The arrow hits the worm.
The worm is almost dead.
The worm bites you!
* * * LOW HITPOINT WARNING * * *
You shoot an arrow. The arrow hits the worm.
The worm is almost dead.
The worm bites you.
You die...

# #. ##.#.
..#.######
#.......#
#......<# #
#....!..# ##...
#.......###....#
#....<.w@...#
#..(....#####
#.......#
#.......#
#..>....#
#########


You could see a worm.

Vanquished Creatures
  An adder (D:2)
  2 dart slugs (D:2)
  6 ball pythons
  2 bats (D:2)
  3 endoplasms (D:1)
  A giant cockroach (D:2)
  8 goblins
  3 hobgoblins
  6 kobolds
  A frilled lizard (D:1)
  4 rats
37 creatures vanquished.

Notes
Turn   | Place    | Note
-------+----------+-------------------------------------------
     0 | D:1      | HoaS the Formicid Hunter began the quest for the Orb.
     0 | D:1      | Reached XP level 1. HP: 16/16 MP: 1/1
   145 | D:1      | Reached XP level 2. HP: 22/22 MP: 2/2
   449 | D:1      | Reached XP level 3. HP: 27/27 MP: 3/3
  1003 | D:2      | Reached skill level 5 in Ranged Weapons
  1509 | D:2      | Reached XP level 4. HP: 33/33 MP: 4/4
  1647 | D:3      | HP: 1/33 [worm (7)]
  1648 | D:3      | Slain by a worm

Illustrated notes

Levels and vault maps discovered:
D:1:      nzn_arrival_settlement, layout_loops_ring, serial_rivers,
          chequers_serial_rivers_large_b, chequers_serial_rivers_small_b,
          chequers_serial_rivers_micro_b, chequers_serial_rivers_marsh,
          chequers_serial_rivers_micro_a, hex_tiny, st_stairs_4
D:2:      layout_loops_corners
D:3:      layout_rooms, uniq_jessica, uniq_ijyb

Skill      XL: |  1  2  3 |
---------------+----------+-----
Ranged Weapons | 5 |  5.3
Fighting       | |  2.1
Dodging        | |  1.7
Stealth        | |  1.2
Shields        | |  0.3

Action                     |  1- 3 |  4- 6 || total
---------------------------+-------+-------++-------
   Fire: Shortbow          |    70 |    17 ||    87
 Armour: Leather armour    |     4 |     4 ||     8
  Dodge: Dodged            |     8 |     3 ||    11
  Block: Buckler           |       |     3 ||     3

Table legend: (Time is in decaauts)
 A = Elapsed time spent in this place.
 B = Non-inter-level travel time spent in this place.
 C = Inter-level travel time spent in this place.
 D = Time resting spent in this place.
 E = Time spent auto-exploring this place.
 F = Levels seen in this place.
 G = Mean time per level.
                   A        B        C        D        E       F      G
               +--------+--------+--------+--------+--------+-----+--------+
         Total |   1710 |   1641 |     69 |     22 |   1406 |   3 |  570.0 |
       Dungeon |   1710 |   1641 |     69 |     22 |   1406 |   3 |  570.0 |
               +--------+--------+--------+--------+--------+-----+--------+

Top non-repeatable levels by time:
     D:2: 868 daAuts
     D:1: 822 daAuts
     D:3: 20 daAuts
